 Dungeon Crawl Stone Soup version 0.17-a0-1115-g0372368 (console) character file.

49 hyperkellhus the Ruffian (level 3, -10/33 HPs)
             Began as a Troll Skald on May 23, 2015.
             Mangled by Crazy Yiuf
             ... wielding a +4 quarterstaff of chaos
              (18 damage)
             ... on level 2 of the Dungeon.
             The game lasted 00:02:32 (1114 turns).

hyperkellhus the Ruffian (Troll Skald)              Turns: 1114, Time: 00:02:32

Health: -10/33     AC:  5    Str: 20    XL:     3   Next: 51%
Magic:  3/3        EV:  9    Int:  8    God:
Gold:   198        SH:  0    Dex: 10    Spells: 1 memorised, 3 levels left

rFire  . . .     SeeInvis .       - Unarmed
rCold  . . .     Clarity  .     a - +0 robe
rNeg   . . .     SustAt   .     (no shield)
rPois  .         Gourm    +     (helmet restricted)
rElec  .         Spirit   .     (no cloak)
rCorr  +         Warding  .     (gloves unavailable)
rMut   .         Stasis   .     (boots unavailable)
MR     .....                    e - amulet of resist corrosion
Stlth  +.........               (no ring)
                                (no ring)

@: very slightly contaminated, hasted, very quick, not resistant to hostile
enchantments, very unstealthy
A: unfitting armour, claws 3, fast metabolism 3, gourmand, regeneration 2,
shaggy fur 1, tough skin 2
a: no special abilities


You were on level 2 of the Dungeon.
You were very full.

You visited 1 branch of the dungeon, and saw 2 of its levels.

You collected 198 gold pieces.

Inventory:

Hand weapons
 j - a +2 dagger of venom
Armour
 a - a +0 robe (worn)
Jewellery
 e - an amulet of resist corrosion (around neck)
Scrolls
 f - a scroll of teleportation {unknown}
 i - 3 scrolls of enchant weapon {unknown}
 l - a scroll of enchant armour {unknown}
 p - a scroll of blinking {unknown}
 q - a scroll of recharging {unknown}
 s - 2 scrolls of identify {unknown}
 t - a scroll of noise {unknown}
Potions
 d - a potion of cancellation {unknown}
 k - a potion of invisibility {unknown}
 n - 2 potions of agility {unknown}
 o - 2 potions of resistance {unknown}
 r - 3 potions of mutation {unknown}
 u - 2 potions of curing {unknown}
Books
 b - a book of Battle

   Spells                             Type                      Level
   a - Infusion                       Charms                       1
   b - Shroud of Golubria             Charms/Translocation         2
   c - Song of Slaying                Charms                       2
   d - Spectral Weapon                Hexes/Charms                 3
   e - Regeneration                   Charms/Necromancy            3
Comestibles
 c - 4 bread rations
 g - a beef jerky
 m - a slice of pizza
 v - a meat ration


   Skills:
 - Level 1.5 Fighting
 - Level 1.2 Dodging
 + Level 4.0 Unarmed Combat
 - Level 1.2 Spellcasting
 - Level 2.0 Charms


You had 3 spell levels left.
You knew the following spells:

 Your Spells              Type           Power        Failure   Level  Hunger
a - Infusion              Chrm           #.....       21%         1    ##.....


Dungeon Overview and Level Annotations

Branches:
Dungeon (2/15)

Altars:
Fedhas
Kikubaaqudgha

Annotations:
D:2 Crazy Yiuf


Innate Abilities, Weirdness & Mutations

You are too large for most types of armour.
You have claws for hands.
Your metabolism is lightning-fast.
You like to eat raw meat.
You heal very quickly.
You are covered in fur (AC +1).
You have very tough skin (AC +2).


Message History

Crazy Yiuf is moderately wounded.
Crazy Yiuf hits you but does no damage.
You scratch Crazy Yiuf but do no damage.
Crazy Yiuf is moderately wounded.
Crazy Yiuf is no longer bleeding.
There is a stone staircase leading up here.
You closely miss Crazy Yiuf. You claw Crazy Yiuf.
Crazy Yiuf is heavily wounded.
Crazy Yiuf yells, "Lay Orb Guardian eyeball!"
Crazy Yiuf hits you with a quarterstaff of chaos.
Crazy Yiuf freezes you.
Crazy Yiuf grits, "Liver agre testudinal!"
You closely miss Crazy Yiuf.
Crazy Yiuf is heavily wounded.
Crazy Yiuf grits, "Leather!"
Crazy Yiuf hits you with a quarterstaff of chaos!
* * * LOW HITPOINT WARNING * * *
Space warps horribly around you!
Ouch! That really hurt!
You die...

##.#.###..#...#..............#
##.#.# #..#...#..#.##+##.###.####
#....# #..#...#....# #.........
#....# #..#...#..#.+ +.###.####
#....###..#...#....# #..##.#
.................#.##+##.#...#
##........#.#.##..........#### #
............#.##.#.#.#.#.########
.............<.g@...............#
##.#####.#..#.##..........#####.#
##.# #.#..#.##.##..###### #.#
##.#####.##.#.##.##..# #.#
##...............## .# #.#
................## # #.#
##.####..###..#.# #.# #.# #..#
#.>.... #.# #.# ##..######.###
#.#


You could see Crazy Yiuf.

Vanquished Creatures
  2 adders (D:2)
  2 giant geckos
  4 bats
  3 goblins
  3 hobgoblins (D:1)
  5 kobolds
  A quokka (D:2)
  3 giant cockroaches
  2 giant newts
  4 rats
29 creatures vanquished.

Notes
Turn   | Place    | Note
--------------------------------------------------------------
     0 | D:1      | hyperkellhus the Troll Skald began the quest for the Orb.
     0 | D:1      | Reached XP level 1. HP: 19/19 MP: 1/1
   109 | D:1      | Reached XP level 2. HP: 22/27 MP: 2/2
   176 | D:1      | Reached skill level 3 in Unarmed Combat
   716 | D:2      | Reached XP level 3. HP: 29/33 MP: 3/3
   943 | D:2      | Found a blossoming altar of Fedhas.
   945 | D:2      | Found an ancient bone altar of Kikubaaqudgha.
  1003 | D:2      | Reached skill level 4 in Unarmed Combat
  1045 | D:2      | Noticed Crazy Yiuf
  1114 | D:2      | Mangled by Crazy Yiuf

Vault maps used:
D:1:      dpeg_arrival_tiny_i
D:2:      grunt_temple_overflow_growth_and_decay, first_bread,
          minmay_misc_feat_doors, roderic_ancient_swastika,
          uniq_crazy_yiuf_cottage

Action                   || total
-------------------------++-------
Melee: Unarmed           ||    89
  Eat: Chunk             ||    15
